 Dungeon Crawl Stone Soup version 0.29-a0-1023-g6ae1a4a2c7 (webtiles) character file.

Game seed: 7842559367454846700

62 Gwenloh the Insei (level 4, -3/36 HPs)
             Began as a Meteoran Transmuter on Aug 11, 2022.
             Slain by a gnoll
             ... wielding a +4 spear
              (11 damage)
             ... on level 2 of the Dungeon.
             The game lasted 00:04:48 (829 turns).

Gwenloh the Insei (Meteoran Transmuter)              Turns: 829, Time: 00:04:48

Health: -3/36      AC:  3    Str: 11    XL:     4   Next: 53%
Magic:  8/10       EV: 13    Int: 16    God:
Gold:   87         SH:  0    Dex: 15    Spells: 6/9 levels left

rFire   . . .      SeeInvis .     - Unarmed
rCold   . . .      Faith    .   (no shield)
rNeg    . . .      Spirit   .   a - +0 robe
rPois   .          Reflect  .   (helmet currently unavailable)
rElec   .          Harm     .   (no cloak)
rCorr   .          Rampage  .   c - +0 pair of gloves
Will    .....                   (boots currently unavailable)
Stlth   +.........              (no amulet)
HPRegen 0.12/turn               (no ring)
MPRegen 0.12/turn               (no ring)

@: appendages, wereblooded, glowing
A: horns 2, talons 2, sense surroundings 1, otherworldly, glowing, explore regen
a: End Transformation


You were on level 2 of the Dungeon.
You had temporarily grown beastly horns and talons.
You visited 1 branch of the dungeon, and saw 2 of its levels.

You collected 87 gold pieces.

Inventory:

Missiles
 h - a throwing net
Armour
 a - a +0 robe (worn)
 c - a +0 pair of gloves (worn)
Scrolls
 e - a scroll of vulnerability {unknown}
 f - a scroll of blinking {unknown}
 g - a scroll of silence {unknown}
Potions
 b - a potion of lignification
 d - a potion of might {unknown}


   Skills:
 + Level 2.0 Fighting
 + Level 3.1 Dodging
 + Level 4.1 Unarmed Combat
 + Level 3.3 Spellcasting
 + Level 3.1 Transmutations


You had 6 spell levels left.
You knew the following spells:

 Your Spells              Type           Power      Damage    Failure   Level
a - Beastly Appendage     Tmut           24%        N/A       4%          1
b - Wereblood             Tmut           12%        N/A       8%          2

Your spell library contained the following spells:

 Spells                   Type           Power      Damage    Failure   Level
 Foxfire                  Conj/Fire      8%         2x1d4     19%         1
 Spider Form              Tmut/Pois      7%         N/A       28%         3
 Conjure Flame            Conj/Fire      2%         6-21      47%         3
 Inner Flame              Hex/Fire       2%         N/A       47%         3
 Ice Form                 Ice/Tmut       7%         N/A       67%         4
 Airstrike                Air            1%         2d(1-17)  87%         4
 Flame Wave               Conj/Fire      2%         2d4       87%         4
 Summon Lightning Spire   Summ/Air       2%         N/A       87%         4
 Lightning Bolt           Conj/Air       1%         1d12      99%         5


Dungeon Overview and Level Annotations

Branches:
Dungeon (2/15) Zot: 374

Altars:

Shops:
D:2 :


Innate Abilities, Weirdness & Mutations

You have temporarily grown beastly horns and talons.
You passively map a small area around you.
You are easily found by Zot.
You glow in the dark.
You regain HP and MP as you explore.


Message History

Your transformation is almost over.
The gnoll throws a throwing net.
The throwing net hits you.
You become entangled in the net!
A gnoll comes into view. It is wielding a +0 club.
A gnoll comes into view. It is wielding a +0 whip.
You tear a large gash into the net.
The gnoll shouts! x2; You hear a shout!
A goblin comes into view. It is wielding a +0 club.
A gnoll comes into view. It is wielding a +0 club.
You struggle against the net.
The gnoll hits you from afar with a +4 spear.
You rip the net and break free!
The gnoll hits you from afar with a +4 spear.
Casting: Beastly Appendage (safe; 4% risk of failure)
Confirm with . or Enter, or press ? or * to list all spells.
You extend your transformation's duration.
The gnoll barely misses you.
Casting: Beastly Appendage (safe; 4% risk of failure)
Confirm with . or Enter, or press ? or * to list all spells.
Your blood is infused with primal strength.
The gnoll hits you from afar with a +4 spear.
The gnoll completely misses you.
You hit the gnoll. Your headbutt misses the gnoll.
The gnoll is lightly wounded.
The gnoll misses you.
You barely miss the gnoll. You headbutt the gnoll.
The gnoll is moderately wounded.
The gnoll hits you with a +4 spear.
You hit the gnoll but do no damage.
The gnoll is moderately wounded.
The gnoll hits you with a +4 spear!
You hit the gnoll but do no damage. Your kick misses the gnoll.
You headbutt the gnoll, but do no damage.
The gnoll is moderately wounded.
The gnoll hits you with a +4 spear!
* * * LOW HITPOINT WARNING * * *
You closely miss the gnoll. Your headbutt misses the gnoll.
The gnoll is moderately wounded.
The gnoll hits you with a +4 spear!
You die...

.......).............##.#
#.##....................#
#.#..###......##..#####.#
..#.###........##.### #.#####
..#.##..............###.##..#
#...#.........####...>..##..#
......##.....## #..........#
.......†.....g####..##...####
###.....!....ggg@......###
#........)....g#####.###
..###........#†# #.### .#
*#.......##.# #...########
!.,....#.......#####.#........#
####....##...#..#....#........#
..##.####.#................#
.## .####.##[............[.#
....................#


You could see 4 gnolls and a goblin.

Vanquished Creatures
  2 adders (D:2)
  A worm (D:2)
  A dart slug (D:1)
  3 endoplasms
  4 goblins
  4 hobgoblins
  6 jackals
  6 kobolds
  A quokka (D:1)
  A ball python (D:1)
  4 bats
  A frilled lizard (D:1)
  2 rats
36 creatures vanquished.

Notes
Turn   | Place    | Note
-------+----------+-------------------------------------------
     0 | D:1      | Gwenloh the Meteoran Transmuter began the quest for the
                  | Orb.
     0 | D:1      | Reached XP level 1. HP: 16/16 MP: 5/5
   117 | D:1      | Reached XP level 2. HP: 22/23 MP: 4/6
   123 | D:1      | Learned a level 2 spell: Wereblood
   246 | D:1      | Reached XP level 3. HP: 28/28 MP: 4/8
   387 | D:1      | Reached skill level 4 in Unarmed Combat
   502 | D:1      | Glimpsed the power of Zot.
   560 | D:2      | Identified the +1 scale mail "Ijaukk" {rPois}
   563 | D:2      | Found a faded altar of an unknown god.
   628 | D:2      | Reached XP level 4. HP: 26/36 MP: 7/9
   683 | D:2      | Found Wysac's Book Shop.
   829 | D:2      | Slain by a gnoll

Illustrated notes

Levels and vault maps discovered:
D:1:      shiori_shiawase, layout_basic, hangedman_decor_push
D:2:      layout_rooms, serial_shops, shop,
          hellmonk_ecumenical_altar_pennies_from_heaven

Skill      XL: |  1  2  3  4 |
---------------+-------------+-----
Spellcasting   | 3 |  3.3
Unarmed Combat | 4 |  4.1
Transmutations | 3 |  3.1
Dodging        | 3 |  3.1
Fighting       | 2 |  2.0

Action                   |  1- 3 |  4- 6 || total
-------------------------+-------+-------++-------
Melee: Unarmed           |    53 |    27 ||    80
       Kick              |    11 |     6 ||    17
       Headbutt          |     8 |     5 ||    13
       Punch             |     2 |     1 ||     3
 Cast: Beastly Appendage |    16 |     7 ||    23
       Wereblood         |     2 |     3 ||     5
Armor: Robe              |    16 |     9 ||    25
Dodge: Dodged            |    24 |    22 ||    46

Table legend: (Time is in decaauts)
 A = Elapsed time spent in this place.
 B = Non-inter-level travel time spent in this place.
 C = Inter-level travel time spent in this place.
 D = Time resting spent in this place.
 E = Time spent auto-exploring this place.
 F = Levels seen in this place.
 G = Mean time per level.
                   A        B        C        D        E       F      G
               +--------+--------+--------+--------+--------+-----+--------+
         Total |    825 |    772 |     53 |      0 |    264 |   2 |  412.5 |
       Dungeon |    825 |    772 |     53 |      0 |    264 |   2 |  412.5 |
               +--------+--------+--------+--------+--------+-----+--------+

Top non-repeatable levels by time:
     D:1: 530 daAuts
     D:2: 294 daAuts
